MLB
CLEVELAND INDIANS @ CHICAGO WHITE SOX
09/25/2019
 
TOP OF THE 1ST
Cleveland Indians batting - Pitching for Chicago White Sox : RHP Brad Peacock
Pitching: RHP Brad Peacock
Batting: SHB Jose Ramirez 0-0: Ball
1-0: Ball
2-0: Fly out, F6 (Popup, 6MD, EV 72.5 MPH)
Batting: LHB Christian Yelich 0-0: Ball
1-0: Called Strike
1-1: Ball
2-1: Foul Ball, location: 2F
2-2: Foul Ball, location: 2F
2-2: Strikes out looking
Batting: RHB J.D. Martinez 0-0: Ball
1-0: Ball
2-0: Ball
3-0: Base on Balls
Batting: LHB Matt Carpenter 0-0: Ball
1-0: Ground out 4-3 (Groundball, 4, EV 83.1 MPH)
Top of the 1st over - 0 runs, 0 hits, 0 errors, 1 left on base; Cleveland 0 - Chicago 0
BOTTOM OF THE 1ST
Chicago White Sox batting - Pitching for Cleveland Indians : RHP Anibal Sanchez
Pitching: RHP Anibal Sanchez
Batting: RHB Drew Jackson 0-0: Ball
1-0: SINGLE (Line Drive, 4M, EV 95.0 MPH)
Batting: LHB Michael Brantley 0-0: Called Strike
Drew Jackson steals 2nd base (no throw)
0-1: Foul Ball, location: 2F
0-2: Ball
1-2: Ball
2-2: Fly out, F8 (Flyball, 8RM, EV 95.0 MPH)
Batting: RHB Justin Turner 0-0: Foul Ball, location: 2F
0-1: Ball
1-1: Foul Ball, location: 2F
1-2: Ball
2-2: Strikes out swinging
Batting: LHB Corey Seager 0-0: Ball
1-0: Called Strike
1-1: Ball
2-1: Ball
3-1: Base on Balls
Batting: LHB Brandon Belt 0-0: Foul Ball, location: 2F
0-1: Called Strike
0-2: Foul Ball, location: 2F
0-2: Ball
1-2: Ball
2-2: Fly out, F5 (Popup, 56, EV 55.0 MPH)
Bottom of the 1st over - 0 runs, 1 hit, 0 errors, 2 left on base; Cleveland 0 - Chicago 0
TOP OF THE 2ND
Cleveland Indians batting - Pitching for Chicago White Sox : RHP Brad Peacock
Batting: RHB Matt Chapman 0-0: Ball
1-0: Ball
2-0: Ball
3-0: Foul Ball, location: 2F
3-1: Foul Ball, location: 2F
3-2: Foul Ball, location: 2F
3-2: Strikes out swinging
Batting: LHB Stephen Vogt 0-0: Ball
1-0: Ball
2-0: Swinging Strike
2-1: Ball
3-1: Ground out 4-3 (Groundball, 4, EV 115.0 MPH)
Batting: RHB Steven Souza Jr. 0-0: Called Strike
0-1: Called Strike
0-2: Ball
1-2: Foul Ball, location: 2F
1-2: SINGLE (Line Drive, 7S, EV 90.0 MPH)
Batting: SHB Marwin Gonzalez 0-0: DOUBLE (Line Drive, 9LD, EV 100.6 MPH)
Steven Souza Jr. to third
Batting: LHB Adam Frazier 0-0: Called Strike
0-1: Foul Ball, location: 2F
0-2: Ground out 5-3 (Groundball, 5, EV 81.9 MPH)
Top of the 2nd over - 0 runs, 2 hits, 0 errors, 2 left on base; Cleveland 0 - Chicago 0
BOTTOM OF THE 2ND
Chicago White Sox batting - Pitching for Cleveland Indians : RHP Anibal Sanchez
Batting: SHB Melky Cabrera 0-0: Called Strike
0-1: Ground out U3 (Groundball, 3, EV 78.8 MPH)
Batting: RHB Jose Trevino 0-0: Ball
1-0: Fly out, F8 (Flyball, 8RM, EV 95.6 MPH)
Batting: LHB Andrew Toles 0-0: Ball
1-0: Ball
2-0: Ball
3-0: Called Strike
3-1: Fly out, F8 (Line Drive, 8LM, EV 111.9 MPH)
Bottom of the 2nd over - 0 runs, 0 hits, 0 errors, 0 left on base; Cleveland 0 - Chicago 0
TOP OF THE 3RD
Cleveland Indians batting - Pitching for Chicago White Sox : RHP Brad Peacock
Batting: SHB Jose Ramirez 0-0: Ball
1-0: Ball
2-0: Called Strike
2-1: Foul Ball, location: 2F
2-2: Ball
3-2: Base on Balls
Batting: LHB Christian Yelich 0-0: Called Strike
0-1: Foul Ball, location: 2F
0-2: Ball
1-2: Foul Ball, location: 2F
1-2: Ball
2-2: Ball
3-2: Foul Ball, location: 2F
3-2: DOUBLE (Line Drive, 9LS, EV 99.4 MPH)
Jose Ramirez to third
Batting: RHB J.D. Martinez 0-0: Called Strike
0-1: Ball
1-1: Called Strike
1-2: Strikes out looking
Batting: LHB Matt Carpenter 0-0: Called Strike
0-1: Called Strike
0-2: Strikes out swinging
Batting: RHB Matt Chapman 0-0: Foul Ball, location: 2F
0-1: Foul Ball, location: 2F
0-2: Ball
1-2: Strikes out swinging
Top of the 3rd over - 0 runs, 1 hit, 0 errors, 2 left on base; Cleveland 0 - Chicago 0
BOTTOM OF THE 3RD
Chicago White Sox batting - Pitching for Cleveland Indians : RHP Anibal Sanchez
Batting: LHB Marco Hernandez 0-0: Called Strike
0-1: Swinging Strike
0-2: Strikes out looking
Batting: RHB Drew Jackson 0-0: Called Strike
0-1: Ground out 5-3 (Groundball, 56, EV 93.8 MPH)
Batting: LHB Michael Brantley 0-0: Foul Ball, location: 2F
0-1: Ball
1-1: Called Strike
1-2: Ball
2-2: Ball
3-2: Fly out, F8 (Flyball, 8RD, EV 97.5 MPH)
Bottom of the 3rd over - 0 runs, 0 hits, 0 errors, 0 left on base; Cleveland 0 - Chicago 0
TOP OF THE 4TH
Cleveland Indians batting - Pitching for Chicago White Sox : RHP Brad Peacock
Batting: LHB Stephen Vogt 0-0: Ball
1-0: Fly out, F7 (Flyball, 7D, EV 101.3 MPH)
Batting: RHB Steven Souza Jr. 0-0: Foul Ball, location: 2F
0-1: Ball
1-1: Ball
2-1: Swinging Strike
2-2: Strikes out swinging
Batting: SHB Marwin Gonzalez 0-0: Foul Ball, location: 2F
0-1: Foul Ball, location: 2F
0-2: Strikes out looking
Top of the 4th over - 0 runs, 0 hits, 0 errors, 0 left on base; Cleveland 0 - Chicago 0
BOTTOM OF THE 4TH
Chicago White Sox batting - Pitching for Cleveland Indians : RHP Anibal Sanchez
Batting: RHB Justin Turner 0-0: Ball
1-0: Foul Ball, location: 2F
1-1: DOUBLE (Line Drive, 8LXD, EV 101.3 MPH)
Pinch Runner at 2nd Zack Granite:
Batting: LHB Corey Seager 0-0: Foul Ball, location: 2F
0-1: SINGLE (Flyball, 34D, EV 90.0 MPH)
Zack Granite to third
Batting: LHB Brandon Belt 0-0: Ball
1-0: Ball
2-0: Ball
3-0: Called Strike
3-1: Called Strike
3-2: Foul Ball, location: 2F
3-2: Fielders Choice at 2nd, 3-6 (Groundball, 34, EV 101.9 MPH)
Zack Granite scores
Batting: SHB Melky Cabrera 0-0: Ball
1-0: Swinging Strike
1-1: Ball
2-1: SINGLE (Line Drive, 34D, EV 96.9 MPH)
Brandon Belt to second
Batting: RHB Jose Trevino 0-0: Called Strike
0-1: Foul Ball, location: 2F
0-2: Ball
1-2: Fly out, F8 (Flyball, 8RS, EV 88.8 MPH)
Batting: LHB Andrew Toles 0-0: Called Strike
0-1: Ball
1-1: SINGLE (Groundball, 34D, EV 95.6 MPH)
Brandon Belt to third
Melky Cabrera to second
Batting: LHB Marco Hernandez 0-0: Swinging Strike
0-1: Foul Ball, location: 2F
0-2: Ball
1-2: Foul Ball, location: 2F
1-2: Strikes out swinging
Bottom of the 4th over - 1 run, 4 hits, 0 errors, 3 left on base; Cleveland 0 - Chicago 1
TOP OF THE 5TH
Cleveland Indians batting - Pitching for Chicago White Sox : RHP Brad Peacock
Now at 3B: Alex Murphy
Batting: LHB Adam Frazier 0-0: Called Strike
0-1: SINGLE (Flyball, 78S, EV 90.6 MPH)
Batting: SHB Jose Ramirez 0-0: Foul Ball, location: 2F
0-1: Foul Ball, location: 2F
0-2: SINGLE (Groundball, 3D, EV 95.0 MPH)
Adam Frazier to second
Runner from 2nd tries for 3rd, SAFE, throw by RF made to third
Batting: LHB Christian Yelich 0-0: Ball
1-0: Ball
2-0: Called Strike
2-1: Swinging Strike
2-2: Strikes out swinging
Batting: RHB J.D. Martinez 0-0: Ball
Wild Pitch!
Adam Frazier scores
Jose Ramirez to second
1-0: Called Strike
1-1: Called Strike
1-2: Ball
2-2: Ball
3-2: Foul Ball, location: 2F
3-2: Strikes out swinging
Pitching: RHP Jacob Rhame
Batting: LHB Matt Carpenter 0-0: Ball
1-0: Fly out, F8 (Flyball, 8RD, EV 97.5 MPH)
Top of the 5th over - 1 run, 2 hits, 0 errors, 1 left on base; Cleveland 1 - Chicago 1
BOTTOM OF THE 5TH
Chicago White Sox batting - Pitching for Cleveland Indians : RHP Anibal Sanchez
Batting: RHB Drew Jackson 0-0: Foul Ball, location: 2F
0-1: Ball
1-1: Ball
2-1: Called Strike
2-2: Ball
3-2: Foul Ball, location: 2F
3-2: Base on Balls
Pitching: RHP Michael Pineda
Batting: LHB Michael Brantley 0-0: 2-RUN HOME RUN (Flyball, 9LD, EV 104.4 MPH), Distance : 347 ft
Batting: RHB Alex Murphy 0-0: Called Strike
0-1: Ball
1-1: Called Strike
1-2: Foul Ball, location: 2F
1-2: Strikes out swinging
Batting: LHB Corey Seager 0-0: Called Strike
0-1: Ball
1-1: Ball
2-1: Swinging Strike
2-2: Ball
3-2: Foul Ball, location: 2F
3-2: Foul Ball, location: 2F
3-2: Base on Balls
Batting: LHB Brandon Belt 0-0: SINGLE (Groundball, 3L, EV 105.6 MPH) (infield hit)
Corey Seager to second
Batting: SHB Melky Cabrera 0-0: SINGLE (Line Drive, 6D, EV 95.6 MPH)
Corey Seager to third
Brandon Belt to second
Batting: RHB Jose Trevino 0-0: Fielders Choice at 2nd, 6-4 (Groundball, 6, EV 85.0 MPH)
Corey Seager scores
Brandon Belt to third
Batting: LHB Andrew Toles 0-0: Swinging Strike
0-1: Ground out U3 (Groundball, 3, EV 85.0 MPH)
Bottom of the 5th over - 3 runs, 3 hits, 0 errors, 2 left on base; Cleveland 1 - Chicago 4
TOP OF THE 6TH
Cleveland Indians batting - Pitching for Chicago White Sox : RHP Jacob Rhame
Batting: RHB Matt Chapman 0-0: Ball
1-0: Ball
2-0: Ball
3-0: Base on Balls
Batting: LHB Stephen Vogt 0-0: Ball
1-0: Called Strike
1-1: Foul Ball, location: 2F
1-2: Foul Ball, location: 2F
1-2: Strikes out swinging
Batting: RHB Steven Souza Jr. 0-0: Ball
1-0: Swinging Strike
1-1: Called Strike
1-2: Strikes out swinging
Batting: SHB Marwin Gonzalez 0-0: Ball
1-0: Ball
2-0: Ball
3-0: Called Strike
3-1: Base on Balls
Matt Chapman to second
Batting: LHB Adam Frazier 0-0: Called Strike
0-1: Swinging Strike
0-2: Strikes out swinging
Top of the 6th over - 0 runs, 0 hits, 0 errors, 2 left on base; Cleveland 1 - Chicago 4
BOTTOM OF THE 6TH
Chicago White Sox batting - Pitching for Cleveland Indians : RHP Michael Pineda
Batting: LHB Marco Hernandez 0-0: Ground out 5-3 (Groundball, 5S, EV 80.6 MPH)
Batting: RHB Drew Jackson 0-0: Foul Ball, location: 2F
0-1: Ball
1-1: Called Strike
1-2: Fly out, F9 (Flyball, 89M, EV 99.4 MPH)
Batting: LHB Michael Brantley 0-0: Ground out 3-1 (Groundball, 34, EV 79.4 MPH)
Bottom of the 6th over - 0 runs, 0 hits, 0 errors, 0 left on base; Cleveland 1 - Chicago 4
TOP OF THE 7TH
Cleveland Indians batting - Pitching for Chicago White Sox : RHP Jacob Rhame
Pitching: LHP Jared Miller
Batting: SHB Jose Ramirez 0-0: Ball
1-0: Ball
2-0: Called Strike
2-1: Ground out 6-3 (Groundball, 6, EV 82.5 MPH)
Batting: LHB Christian Yelich 0-0: Called Strike
0-1: Fly out, F9 (Flyball, 89M, EV 84.4 MPH)
Batting: RHB J.D. Martinez 0-0: Called Strike
0-1: Foul Ball, location: 2F
0-2: Ball
1-2: Ball
2-2: Strikes out swinging
Top of the 7th over - 0 runs, 0 hits, 0 errors, 0 left on base; Cleveland 1 - Chicago 4
BOTTOM OF THE 7TH
Chicago White Sox batting - Pitching for Cleveland Indians : RHP Michael Pineda
Batting: RHB Alex Murphy 0-0: Ball
1-0: Foul Ball, location: 2F
1-1: Foul Ball, location: 2F
1-2: Foul Ball, location: 2F
1-2: Ball
2-2: Foul Ball, location: 2F
2-2: Strikes out swinging
Batting: LHB Corey Seager 0-0: Called Strike
0-1: Ball
1-1: Ball
2-1: SINGLE (Line Drive, 6D, EV 96.3 MPH)
Batting: LHB Brandon Belt 0-0: Grounds into double play, 4-6-3 (Groundball, 4, EV 98.8 MPH)
Bottom of the 7th over - 0 runs, 1 hit, 0 errors, 0 left on base; Cleveland 1 - Chicago 4
TOP OF THE 8TH
Cleveland Indians batting - Pitching for Chicago White Sox : LHP Jared Miller
Batting: LHB Matt Carpenter 0-0: Swinging Strike
0-1: Foul Ball, location: 2F
0-2: Ball
1-2: Strikes out swinging
Batting: RHB Matt Chapman 0-0: Ball
1-0: Fly out, F7 (Flyball, 7D, EV 101.3 MPH)
Batting: LHB Stephen Vogt 0-0: Ball
1-0: Ball
2-0: Ball
3-0: Called Strike
3-1: Foul Ball, location: 2F
3-2: SINGLE (Groundball, 4MD, EV 111.3 MPH)
Batting: RHB Steven Souza Jr. 0-0: Swinging Strike
0-1: Ball
1-1: Called Strike
1-2: Ball
2-2: Foul Ball, location: 2F
2-2: SINGLE (Flyball, 7LS, EV 90.6 MPH)
Stephen Vogt to second
Batting: SHB Marwin Gonzalez 0-0: Called Strike
0-1: Ball
1-1: Foul Ball, location: 2F
1-2: Ball
2-2: Strikes out swinging
Top of the 8th over - 0 runs, 2 hits, 0 errors, 2 left on base; Cleveland 1 - Chicago 4
BOTTOM OF THE 8TH
Chicago White Sox batting - Pitching for Cleveland Indians : RHP Michael Pineda
Pitching: RHP Hector Rondon
Batting: SHB Melky Cabrera 0-0: Called Strike
0-1: Ball
1-1: SINGLE (Flyball, 9S, EV 91.3 MPH)
Batting: RHB Jose Trevino 0-0: Ball
1-0: Called Strike
1-1: Called Strike
1-2: Foul Ball, location: 2F
1-2: Grounds into double play, 6-4-3 (Groundball, 6, EV 103.1 MPH)
Batting: LHB Andrew Toles 0-0: Ball
1-0: Called Strike
1-1: Called Strike
1-2: Ground out U3 (Groundball, 34, EV 85.6 MPH)
Bottom of the 8th over - 0 runs, 1 hit, 0 errors, 0 left on base; Cleveland 1 - Chicago 4
TOP OF THE 9TH
Cleveland Indians batting - Pitching for Chicago White Sox : LHP Jared Miller
Pitching: RHP Trevor Gott
Batting: LHB Adam Frazier 0-0: Ball
1-0: Ball
2-0: Fly out, F7 (Line Drive, 7S, EV 98.8 MPH)
Batting: SHB Jose Ramirez 0-0: Ball
1-0: Called Strike
1-1: Single, Error in OF, E9, batter to second base (Line Drive, 9S, EV 110.6 MPH)
Batting: LHB Christian Yelich 0-0: Swinging Strike
0-1: Ball
1-1: Ball
Wild Pitch!
Jose Ramirez to third
2-1: Ball
3-1: Foul Ball, location: 2F
3-2: Base on Balls
Pitching: LHP Richard Lovelady
Batting: RHB J.D. Martinez 0-0: Ball
1-0: Ball
2-0: Foul Ball, location: 2F
2-1: Ball
3-1: Called Strike
3-2: Base on Balls
Christian Yelich to second
Batting: LHB Matt Carpenter 0-0: Called Strike
0-1: Foul Ball, location: 2F
0-2: Ball
1-2: Ball
2-2: SINGLE (Line Drive, 8LS, EV 91.9 MPH)
Jose Ramirez scores
Christian Yelich to third
J.D. Martinez to second
Pitching: LHP Brian Clark
Batting: RHB Matt Chapman 0-0: Called Strike
0-1: Foul Ball, location: 2F
0-2: Strikes out swinging
Pinch Hitting: RHB Danny Jansen 0-0: Ball
1-0: Ball
2-0: Ball
3-0: Base on Balls
Christian Yelich scores
J.D. Martinez to third
Matt Carpenter to second
Batting: RHB Steven Souza Jr. 0-0: Called Strike
0-1: Foul Ball, location: 2F
0-2: Ball
1-2: Ball
2-2: Ball
3-2: Foul Ball, location: 2F
3-2: Base on Balls
J.D. Martinez scores
Matt Carpenter to third
Danny Jansen to second
Batting: SHB Marwin Gonzalez 0-0: Ball
1-0: Called Strike
1-1: SINGLE (Line Drive, 56, EV 105.0 MPH)
Matt Carpenter scores
Danny Jansen to third
Steven Souza Jr. to second
Batting: LHB Adam Frazier 0-0: Ball
1-0: Called Strike
1-1: Ball
2-1: Ball
3-1: Foul Ball, location: 2F
3-2: Base on Balls
Danny Jansen scores
Steven Souza Jr. to third
Marwin Gonzalez to second
Pitching: RHP David Hernandez
Batting: SHB Jose Ramirez 0-0: Foul Ball, location: 2F
0-1: DOUBLE (Line Drive, 89M, EV 113.8 MPH)
Steven Souza Jr. scores
Marwin Gonzalez scores
Adam Frazier to third
Batting: LHB Christian Yelich 0-0: Called Strike
0-1: Called Strike
0-2: Ball
1-2: Fly out, F9 (Line Drive, 9, EV 107.5 MPH)
Top of the 9th over - 7 runs, 4 hits, 1 error, 2 left on base; Cleveland 8 - Chicago 4
BOTTOM OF THE 9TH
Chicago White Sox batting - Pitching for Cleveland Indians : RHP Hector Rondon
Pitching: RHP Kirby Yates
Now at C: Danny Jansen
Batting: LHB Marco Hernandez 0-0: Ground out 4-3 (Groundball, 4, EV 91.3 MPH)
Batting: RHB Drew Jackson 0-0: Ball
1-0: Swinging Strike
1-1: Swinging Strike
1-2: Ball
2-2: Strikes out swinging
Batting: LHB Michael Brantley 0-0: Ball
1-0: Ball
2-0: Called Strike
2-1: Ball
3-1: Ground out U3 (Groundball, 34, EV 90.0 MPH)
Bottom of the 9th over - 0 runs, 0 hits, 0 errors, 0 left on base; Cleveland 8 - Chicago 4
Friday, January 3rd, 2020 - OOTP Baseball 20.8 Build 73